 Dungeon Crawl Stone Soup version 0.22-a0-362-g535178c (webtiles) character file.

54404 grindst0ne the Blocker (level 14, 0/106 HPs)
             Began as a Mummy Gladiator on Apr 20, 2018.
             Was an Initiate of Gozag.
             Slain by a two-headed ogre
             ... wielding a +0 giant spiked club
              (11 damage)
             ... on level 12 of the Dungeon.
             The game lasted 01:07:59 (28827 turns).

grindst0ne the Blocker (Mummy Gladiator)           Turns: 28827, Time: 01:07:59

Health: 0/106      AC: 15    Str: 26    XL:     14   Next: 34%
Magic:  17/17      EV:  6    Int:  7    God:    Gozag
Gold:   1421       SH: 21    Dex: 14    Spells: 13/13 levels left

rFire    x . .     SeeInvis +   x - +5 eveningstar (protect)
rCold    + . .     Gourm    .   p - +0 large shield
rNeg     + + +     Faith    .   o - +0 plate armour
rPois    ∞         Spirit   .   D - +1 hat {MR+}
rElec    .         Reflect  .   (no cloak)
rCorr    .         Harm     .   j - +0 pair of gloves
MR       ++...                  u - +0 pair of boots
Stlth    ..........             d - macabre finger necklace {rN+}
HPRegen  0.27/turn              t - ring of wizardry
MPRegen  0.15/turn              i - +4 ring of strength
                                h - ring of see invisible

@: hasted, very quick
A: no food or potions, fire vulnerability, cold resistance 1, negative energy
resistance 3, torment resistance, unbreathing, in touch with death 1
a: Potion Petition, Call Merchant, Bribe Branch, Renounce Religion


You were on level 12 of the Dungeon.
You worshipped Gozag.
Gozag was most pleased with you.
You were not hungry.

You visited 2 branches of the dungeon, and saw 18 of its levels.

You collected 5342 gold pieces.
You paid 3921 gold pieces to Gozag.

Inventory:

Hand Weapons
 a - a +0 blowgun
 x - a +5 eveningstar of protection (weapon)
Missiles
 q - 8 tomahawks (quivered)
 s - 66 poisoned needles
 B - 5 javelins
Armour
 j - a +0 pair of gloves (worn)
 o - a +0 plate armour (worn)
 p - a +0 large shield (worn)
 u - a +0 pair of boots (worn)
 D - a +1 hat of magic resistance (worn)
 E - a +1 chain mail of fire resistance
Jewellery
 d - the macabre finger necklace (around neck) {rN+}
   (You found it on level 7 of the Dungeon)

   [amulet of nothing]

   It protects you from negative energy.
 h - a ring of see invisible (on amulet)
 i - a +4 ring of strength (right hand)
 t - a ring of wizardry (left hand)
 v - an uncursed amulet of the gourmand {unknown}
Wands
 e - a wand of flame (16)
 k - a wand of disintegration (3)
 n - a wand of digging (12)
 r - a wand of polymorph (32)
 w - a wand of iceblast (2)
Scrolls
 f - 7 scrolls of enchant armour
 g - a scroll of amnesia
 l - 2 scrolls of remove curse
 m - 2 scrolls of blinking
 y - a scroll of fear
 z - a scroll of magic mapping
 A - a scroll of identify
 C - 4 scrolls of teleportation
Miscellaneous
 b - a phantom mirror
 c - a lamp of fire


   Skills:
 - Level 8.3 Fighting
 + Level 11.0(11.2) Maces & Flails
   Level 3.2(7.8) Staves
 - Level 1.5 Throwing
 - Level 5.0 Armour
 - Level 2.4 Dodging
 * Level 14.8 Shields
 - Level 5.0 Evocations


You had 13 spell levels left.
You didn't know any spells.

Dungeon Overview and Level Annotations

Branches:
Dungeon (12/15)            Temple (0/1) D:5            Lair (6/6) D:8
  Swamp (0/4) Lair:4        Snake (0/4) Lair:3        Slime (0/5) Lair:5
    Orc (0/2) D:12

Altars:
Ashenzari
Fedhas
Gozag
Hepliaklqana
Okawaru
Ru
Sif Muna
Xom
Zin
Jiyva

Shops:
D:5 }   D:12 :   Lair:3 (

Annotations:
D:5 exclusion: downstairs
D:7 exclusion: downstairs
D:11 Maurice
Lair:4 exclusion: downstairs


Innate Abilities, Weirdness & Mutations

You do not eat or drink.
Your flesh is vulnerable to fire.
You are immune to poison.
Your flesh is cold resistant. (rC+)
You are immune to negative energy. (rN+++)
You are immune to unholy pain and torment.
You can survive without breathing.
You are in touch with the powers of death.


Message History

You block the tengu warrior's attack.
The tengu warrior pecks you but does no damage.
The tengu warrior closely misses you.
You closely miss the tengu warrior.
The tengu warrior is almost dead.
You closely miss the tengu warrior.
The tengu warrior is almost dead.
The two-headed ogre barely misses you. You block the two-headed ogre's attack.
The tengu warrior hits you with a bardiche!
* * * LOW HITPOINT WARNING * * *
The tengu warrior pecks you but does no damage.
You block the tengu warrior's attack.
You miss the tengu warrior.
The tengu warrior is almost dead.
You miss the tengu warrior.
The tengu warrior is almost dead.
You block the two-headed ogre's attack.
The two-headed ogre hits you with a giant spiked club!
You die...
Your body crumbles into a pile of gold.

####### #############
#........
#...........####........
#.............##<.......
.
##....!......#.##........
.
.............#.##........
.
##.......>...#..#........
.
#...........##.@Q.......
.
#...........####O.......
. #<..........# #........
. #...........# #........
##########.## #####.###
#.<....# #.# ###'######
#.# # #........### #.# #
#........).#### #.# #


You could see a tengu warrior and a two-headed ogre.

Vanquished Creatures
  Rupert (Lair:5)
  Gastronok (Lair:3)
  The ghost of Tungsten the Thaumaturge, a journeyman HuIE of Sif Muna (Lair:6)
  Fannar (Lair:3)
  A fire dragon (Lair:6)
  6 hydras
  A centaur warrior (D:11)
  4 two-headed ogres
  A tengu warrior (D:12)
  2 death yaks (Lair:6)
  Urug (Lair:5)
  A skeletal warrior (D:11)
  An unseen horror (D:12)
  A deep elf mage (D:12)
  A lindwurm (Lair:5)
  A cyclops (D:11)
  3 elephants (Lair:6)
  5 black mambas
  A torpor snail (Lair:5)
  2 centaur skeletons
  9 spiny frogs
  2 molten gargoyles
  2 gargoyles
  12 komodo dragons
  A freezing wraith (D:11)
  3 rime drakes
  4 polar bears
  A meliai (D:11)
  Grinder (D:4)
  A queen bee (Lair:3)
  5 hippogriffs
  7 dream sheep
  11 blink frogs
  3 wyverns
  30 yaks
  5 basilisks (Lair:6)
  3 hungry ghosts
  2 steam dragons (Lair:6)
  Menkaure (D:6)
  3 swamp worms (Lair:4)
  An acid dragon (D:11)
  13 water moccasins
  4 hell hounds (Lair:6)
  11 porcupines
  5 ice beasts
  5 orc warriors
  2 black bears (D:8)
  2 eyes of draining
  A necrophage (D:5)
  3 sky beasts
  5 ogres
  6 wolves (Lair:5)
  3 phantoms
  3 centaurs
  9 crocodiles
  Blork the orc (D:4)
  7 big kobolds
  19 bullfrogs
  3 scorpions
  30 killer bees
  3 howler monkeys (D:9)
  2 electric eels
  4 crimson imps
  3 bullfrog zombies
  3 centaur zombies
  5 lava snakes (Lair:6)
  A quasit (D:10)
  4 hounds
  3 jellies
  A gnoll shaman (D:6)
  6 orc priests
  8 orc wizards
  Jessica (D:3)
  4 iguanas
  8 worker ants
  A killer bee zombie (D:9)
  2 hound zombies
  A worker ant zombie (D:5)
  10 adders
  8 gnolls
  A shadow imp (D:9)
  3 oozes
  3 worms (D:2)
  2 dart slugs
  5 leopard geckos
  54 orcs
  8 giant cockroaches
  8 goblins
  7 hobgoblins
  8 jackals
  A quokka (D:9)
  A ball python (D:1)
  8 bats
  3 frilled lizards
  29 kobolds
  A leopard gecko zombie (D:6)
  6 rats
501 creatures vanquished.

Vanquished Creatures (others)
  Erolcha (D:12)
  56 fungi
  19 plants
76 creatures vanquished.

Grand Total: 577 creatures vanquished

Notes
Turn   | Place    | Note
-------+----------+-------------------------------------------
     0 | D:1      | grindst0ne the Mummy Gladiator began the quest for the Orb.
     0 | D:1      | Reached XP level 1. HP: 16/16 MP: 1/1
   188 | D:1      | Reached XP level 2. HP: 13/23 MP: 2/2
   985 | D:2      | Reached XP level 3. HP: 28/28 MP: 3/3
  1916 | D:3      | Reached XP level 4. HP: 35/35 MP: 4/4
  2441 | D:3      | Noticed Jessica
  2463 | D:3      | Killed Jessica
  2464 | D:3      | Found a deep blue altar of Sif Muna.
  2586 | D:4      | Reached skill level 1 in Maces & Flails
  2586 | D:4      | Reached skill level 1 in Shields
  2586 | D:4      | Reached XP level 5. HP: 35/42 MP: 5/5
  2728 | D:4      | Noticed Blork the orc
  2763 | D:4      | Killed Blork the orc
  2763 | D:4      | Reached skill level 2 in Shields
  3194 | D:4      | Found an opulent altar of Gozag.
  3232 | D:4      | Reached XP level 6. HP: 47/48 MP: 6/6
  3244 | D:4      | Became a worshipper of Gozag Ym Sagoz the Greedy
  3376 | D:4      | Noticed Grinder
  3384 | D:4      | Paralysed by Grinder for 3 turns
  3395 | D:4      | Paralysed by Grinder for 7 turns
  3402 | D:4      | Killed Grinder
  3402 | D:4      | Reached skill level 3 in Shields
  3671 | D:5      | Entered Level 5 of the Dungeon
  3671 | D:5      | Found a staircase to the Ecumenical Temple.
  3856 | D:6      | Reached XP level 7. HP: 55/55 MP: 7/7
  3988 | D:6      | Noticed Menkaure
  4070 | D:5      | Found a sacrificial altar of Ru.
  4125 | D:5      | Found Todghaeny's Gadget Boutique.
  4153 | D:5      | HP: 2/55 [sky beast (5)]
  4165 | D:5      | Reached skill level 5 in Fighting
  4165 | D:5      | Reached skill level 4 in Shields
  5137 | D:6      | Reached XP level 8. HP: 63/63 MP: 8/8
  5192 | D:6      | Reached skill level 5 in Shields
  5551 | D:6      | Killed Menkaure
  7002 | D:5      | Reached skill level 6 in Shields
  7372 | D:7      | Found the macabre finger necklace {rN+}
  7374 | D:7      | Found an iron altar of Okawaru.
  7485 | D:7      | Reached XP level 9. HP: 65/71 MP: 9/9
  8354 | D:7      | Reached skill level 7 in Shields
  8641 | D:7      | Reached skill level 5 in Maces & Flails
  8973 | D:8      | Noticed a two-headed ogre
 10044 | D:8      | Reached skill level 8 in Shields
 10081 | D:8      | Reached XP level 10. HP: 36/80 MP: 10/10
 10288 | D:8      | Noticed a two-headed hydra
 10560 | D:7      | Killed a two-headed hydra
 10560 | D:7      | Reached skill level 1 in Armour
 11049 | D:8      | Found a glowing silver altar of Zin.
 11050 | D:8      | Found an opulent altar of Gozag.
 11101 | D:8      | Found a staircase to the Lair.
 11334 | D:9      | Reached skill level 9 in Shields
 12054 | D:9      | Noticed a two-headed ogre
 12064 | D:9      | Killed a two-headed ogre
 12173 | D:9      | Found a shattered altar of Ashenzari.
 12176 | D:9      | Found a blossoming altar of Fedhas.
 12179 | D:9      | Found a shimmering altar of Xom.
 12390 | D:8      | HP: 3/81 [two-headed ogre/great mace (13)]
 12742 | D:8      | Killed a two-headed ogre
 12742 | D:8      | Reached XP level 11. HP: 87/87 MP: 11/11
 12913 | D:8      | Found a hazy altar of Hepliaklqana.
 12966 | Lair:1   | Entered Level 1 of the Lair of Beasts
 13670 | Lair:1   | Noticed a seven-headed hydra
 13684 | Lair:1   | Killed a seven-headed hydra
 13684 | Lair:1   | Reached skill level 10 in Shields
 13684 | Lair:1   | Reached skill level 1 in Evocations
 14436 | Lair:2   | Got a twisted mace
 14481 | Lair:2   | Identified the +4 mace of Pride {venom, +Rage MP-9 Stlth+} (You found it on level 2 of the Lair of Beasts)
 15281 | Lair:3   | Noticed Rupert
 15735 | Lair:3   | Noticed Fannar
 15868 | Lair:3   | Killed Fannar
 16325 | Lair:3   | Reached skill level 11 in Shields
 16325 | Lair:3   | Reached XP level 12. HP: 80/94 MP: 5/14
 16334 | Lair:3   | Reached skill level 5 in Armour
 16454 | Lair:3   | Found a staircase to the Snake Pit.
 17243 | Lair:3   | Noticed Gastronok
 17563 | Lair:3   | Killed Gastronok
 18563 | Lair:4   | Reached skill level 12 in Shields
 18574 | Lair:4   | Reached skill level 5 in Evocations
 19400 | Lair:4   | Found a staircase to the Swamp.
 19787 | Lair:5   | Identified a scroll of acquirement
 19801 | Lair:5   | Found a viscous altar of Jiyva.
 19802 | Lair:5   | Found a staircase to the Slime Pits.
 19962 | Lair:5   | Noticed a four-headed hydra
 19969 | Lair:5   | Killed a four-headed hydra
 19983 | Lair:5   | Noticed Urug
 20005 | Lair:5   | Killed Urug
 20032 | Lair:5   | Gained mutation: You are in touch with the powers of death. [Mummy growth]
 20032 | Lair:5   | Reached XP level 13. HP: 44/99 MP: 16/16
 20890 | Lair:6   | Entered Level 6 of the Lair of Beasts
 20917 | Lair:6   | Noticed Tungsten's ghost (journeyman HuIE)
 21112 | Lair:5   | Killed Rupert
 21112 | Lair:5   | Reached skill level 13 in Shields
 22382 | Lair:6   | Reached skill level 10 in Maces & Flails
 24593 | Lair:6   | Killed Tungsten's ghost
 24593 | Lair:6   | Reached skill level 14 in Shields
 24780 | Lair:6   | Found a large runed door.
 24781 | Lair:6   | Found a large runed door.
 24781 | Lair:6   | Noticed a fire dragon
 26132 | Lair:6   | Killed a fire dragon
 26132 | Lair:6   | Reached XP level 14. HP: 82/106 MP: 17/17
 26153 | Lair:6   | Got a dazzling spear
 26154 | Lair:6   | Identified the +8 spear of Hoiweig {flame, rF+ rC- Dex+3} (You found it on level 6 of the Lair of Beasts)
 26351 | D:10     | Entered Level 10 of the Dungeon
 27138 | D:11     | Noticed Maurice
 28127 | D:12     | Noticed Erolcha
 28139 | D:12     | Killed Erolcha
 28483 | D:12     | Found a staircase to the Orcish Mines.
 28653 | D:12     | Found Honibat's Book Shop.
 28827 | D:12     | Slain by a two-headed ogre

Vault maps used:
D:1:      dpeg_arrival_tiny_k
D:2:      minivault_25
D:3:      tgw_sif
D:4:      grunt_gozag_statues, uniq_grinder, uniq_blork_the_orc
D:5:      old_standard_altar, minmay_temple_entry_grid, serial_shops, shop,
          first_ration
D:6:      uniq_menkaure
D:7:      okawaru_metal_pillars_1_2
D:8:      grunt_temple_overflow_gold_and_silver, lemuel_coloured_pillars_altar,
          due_lair_maze_entry_diamond, hangedman_ranch, minmay_strange_pillars
D:9:      grunt_temple_overflow_diamond
D:11:     minmay_diamond_stairs, uniq_maurice
D:12:     hiddenorc1_lemuel, serial_shops, shop, uniq_erolcha
Lair:1:   infiniplex_staircase_pool_2
Lair:2:   nicolae_volcano_entry_hallway, grunt_megastairs_1,
          serial_bayou_shore_b, serial_bayou_shore_a
Lair:3:   minmay_snake_entry_six_corridors, special_room, beast_lair_carwin_8,
          uniq_gastronok, uniq_rupert, uniq_fannar
Lair:4:   nicolae_swamp_entry_splash_gauntlet, grunt_forest_stairs_basic
Lair:5:   dpeg_slime_entry_enclosed_altar, uniq_urug
Lair:6:   cheibrodos_lair_end_hotspot, wad_woods_road_02

Skill      XL: |  1  2  3  4  5  6  7  8  9 10 11 12 13 14 |
---------------+-------------------------------------------+-----
Staves         | 3 |  3.2
Fighting       | 3 4 5 6 7 8 |  8.3
Maces & Flails | 1 2 3 4 5 6 7 9 10 11 | 11.0
Shields        | 1 2 3 4 6 8 9 11 12 14 | 14.8
Armour         | 3 4 5 |  5.0
Evocations     | 3 5 |  5.0
Throwing       | |  1.5
Dodging        | |  2.4

Action                   |  1- 3 |  4- 6 |  7- 9 | 10-12 | 13-15 || total
-------------------------+-------+-------+-------+-------+-------++-------
Melee: Quarterstaff      |   113 |       |       |       |       ||   113
       Whip              |    50 |   151 |  1185 |       |       ||  1386
       Morningstar       |       |       |    62 |   443 |       ||   505
       Mace              |       |       |       |   594 |       ||   594
       Eveningstar       |       |       |       |    41 |   748 ||   789
 Fire: Blowgun           |       |       |     5 |     3 |       ||     8
Throw: Throwing net      |       |       |     6 |       |       ||     6
       Tomahawk          |       |       |       |     1 |       ||     1
Invok: Potion Petition   |       |       |     3 |     3 |     3 ||     9
       Call Merchant     |       |       |       |     1 |       ||     1
Evoke: Wand              |       |    10 |    22 |    20 |    20 ||    72
  Use: Scroll            |     2 |       |     8 |     5 |     9 ||    24
 Stab: Distracted        |       |       |     2 |     5 |     5 ||    12
       Held in net/web   |       |       |     1 |       |       ||     1
       Invisible         |       |       |     2 |     1 |       ||     3
       Paralysed         |       |       |       |     8 |     4 ||    12
Armor: Leather armour    |    12 |       |       |       |       ||    12
       Ring mail         |    35 |       |       |       |       ||    35
       Chain mail        |     2 |    56 |   410 |     8 |    85 ||   561
       Plate armour      |       |     5 |       |   356 |   227 ||   588
Dodge: Dodged            |   122 |    20 |   158 |   136 |   126 ||   562
Block: Large shield      |       |    76 |   993 |  1078 |   830 ||  2977

Table legend:
 A = Spawn XP
 B = Non-spawn XP
 C = Spawn XP percentage of total XP
 D = Spawn monster count
 E = Non-spawn monster count
 F = Spawn count percentage of total count
 G = Total turns spent on level
                    A         B        C        D         E        F      G
               +---------+---------+-------+---------+---------+-------+---------
         Total |       0 |   77721 |   0.0 |       0 |     502 |   0.0 | 28827
               +---------+---------+-------+---------+---------+-------+---------
           D:1 |       0 |      40 |   0.0 |       0 |      22 |   0.0 |   976
           D:2 |       0 |      50 |   0.0 |       0 |      25 |   0.0 |   825
           D:3 |       0 |      72 |   0.0 |       0 |      14 |   0.0 |   899
           D:4 |       0 |     550 |   0.0 |       0 |       8 |   0.0 |  1314
           D:5 |       0 |     864 |   0.0 |       0 |      19 |   0.0 |  2258
           D:6 |       0 |    1111 |   0.0 |       0 |      26 |   0.0 |  1559
           D:7 |       0 |    2944 |   0.0 |       0 |      33 |   0.0 |  2419
           D:8 |       0 |    3935 |   0.0 |       0 |      46 |   0.0 |  1602
           D:9 |       0 |    2145 |   0.0 |       0 |      27 |   0.0 |  1147
          D:10 |       0 |    1531 |   0.0 |       0 |      16 |   0.0 |   596
          D:11 |       0 |    6222 |   0.0 |       0 |      18 |   0.0 |  1175
          D:12 |       0 |    4599 |   0.0 |       0 |      46 |   0.0 |   705
        Lair:1 |       0 |    1634 |   0.0 |       0 |       4 |   0.0 |   944
        Lair:2 |       0 |    5829 |   0.0 |       0 |      29 |   0.0 |  2280
        Lair:3 |       0 |    9917 |   0.0 |       0 |      54 |   0.0 |  2120
        Lair:4 |       0 |    6492 |   0.0 |       0 |      31 |   0.0 |  1552
        Lair:5 |       0 |   12447 |   0.0 |       0 |      31 |   0.0 |  3464
        Lair:6 |       0 |   17339 |   0.0 |       0 |      53 |   0.0 |  2992
               +---------+---------+-------+---------+---------+-------+---------
